 Dungeon Crawl Stone Soup version 0.31.0-11-ge490571c62 (webtiles) character file.

Game seed: 12714378436567618403

892 qw the Skirmisher (level 7, -1/35 HPs)
             Began as a Spriggan Hunter on Feb 4, 2024.
             Was an Initiate of Okawaru.
             Slain by a water moccasin (5 damage)
             ... on level 5 of the Dungeon.
             The game lasted 00:00:18 (3995 turns).

qw the Skirmisher (Spriggan Hunter)                 Turns: 3995, Time: 00:00:18

Health: -1/35      AC:  2    Str:  7    XL:     7   Next: 78%
Magic:  8/8        EV: 23    Int: 10    God:    Okawaru [......]
Gold:   1328       SH:  0    Dex: 21    Spells: 6/6 levels left

rFire   . . .        a - +0 shortbow
rCold   + . .        (shield currently unavailable)
rNeg    . . .        c - +0 robe
rPois   .            (helmet restricted)
rElec   .            (no cloak)
rCorr   .            (gloves unavailable)
SInv    +            (boots unavailable)
Will    +....        (no amulet)
Stlth   ++           i - ring of protection from cold
HPRegen 0.25/turn    (no ring)
MPRegen 0.11/turn

%: no passive effects
@: lethally poisoned (-1 -> -7), about to teleport, very quick
A: very small, no large weapons, unfitting armour, see invisible, speed 3
a: Renounce Religion


You were on level 5 of the Dungeon.
You worshipped Okawaru.
Okawaru was noncommittal.
You visited 2 branches of the dungeon, and saw 6 of its levels.

You collected 1328 gold pieces.


Innate Abilities, Weirdness & Mutations

You are very small and have problems with some larger weapons.
You are too small for most types of armour.
You have supernaturally acute eyesight. (SInv)
You cover ground extremely quickly. (Speed+++)


   Skills:
 - Level 2.0 Fighting
 - Level 8.1 Ranged Weapons
 + Level 7.4 Dodging
 - Level 1.5 Stealth


You had 6 spell levels left.
You didn't know any spells.
Your spell library was empty.

Inventory:

Hand Weapons
 a - a +0 shortbow (weapon)
Armour
 c - a +0 robe (worn)
Jewellery
 i - a ring of protection from cold (left hand)
Scrolls
 e - a scroll of teleportation
Potions
 b - a potion of mutation {unknown}
 f - 2 potions of cancellation
 h - a potion of might
 j - a potion of invisibility {unknown}
 k - 3 potions of curing
 l - a potion of degeneration {unknown}

Dungeon Overview and Level Annotations

Branches:
Dungeon (5/15)             Temple (1/1) D:5

Altars:
Ashenzari
Cheibriados
Dithmenos
Elyvilon
Gozag
Hepliaklqana
Makhleb
Nemelex Xobeh
Okawaru
Qazlal
Ru
Sif Muna
Trog
Uskayaw
Vehumet
Wu Jian
Xom
Yredelemnul
The Shining One

Shops:
D:3 :


Message History

You shoot an arrow. The arrow hits the water moccasin.
The water moccasin is moderately wounded.
You feel very sick.
The water moccasin completely misses you.
You shoot an arrow.
The arrow hits the water moccasin but does no damage.
The water moccasin is moderately wounded.
You feel very sick. The water moccasin barely misses you.
The water moccasin completely misses you.
You shoot an arrow. The arrow hits the water moccasin.
The water moccasin is heavily wounded.
You feel sick. The water moccasin bites you.
You are lethally poisoned!
The water moccasin poisons you!
You shoot an arrow. The arrow hits the water moccasin!
The water moccasin is almost dead.
You feel very sick.
The water moccasin completely misses you.
The water moccasin misses you.
You shoot an arrow. The arrow misses the water moccasin.
You feel very sick. The water moccasin misses you.
You shoot an arrow.
The arrow barely misses the water moccasin.
You feel very sick.
The water moccasin completely misses you.
You shoot an arrow. The arrow hits the water moccasin.
The water moccasin is almost dead.
You feel very sick. The water moccasin misses you.
The water moccasin completely misses you.
3994 ||| READING 2 scrolls of teleportation.
As you read the scroll of teleportation, it crumbles to dust.
You feel strangely unstable.
You feel sick. The water moccasin closely misses you.
You shoot an arrow. The arrow hits the water moccasin.
The water moccasin is almost dead.
You feel sick. The water moccasin bites you.
You die...

# #.# ######### #
#.# #.......# # #.#
#.#####.# #
##.#.##.#####.#####
##>..)..............
...####.#####.#####
####.####.# #.#####
#...@.....# #......
#.##S###### #######
#?. ##.. #.# .# ..
##### ## ..... #####


You could see a water moccasin.

Vanquished Creatures
  2 ogres
  2 phantoms
  A weeping skull (D:3)
  2 scorpions
  2 hounds
  A jelly (D:5)
  A sleepcap (D:5)
  4 iguanas
  4 gnolls (D:4)
  4 adders
  4 dart slugs
  4 orcs (D:4)
  2 bats (D:1)
  9 endoplasms
  A giant cockroach (D:4)
  11 goblins
  7 hobgoblins
  4 jackals (D:4)
  4 kobolds
  5 quokkas
  9 ball pythons
  2 frilled lizards
  5 rats
  A spectral orc (D:3)
91 creatures vanquished.

Notes
Turn   | Place    | Note
-------+----------+-------------------------------------------
     0 | D:1      | qw the Spriggan Hunter began the quest for the Orb.
     0 | D:1      | Reached XP level 1. HP: 10/10 MP: 2/2
     0 | D:1      | 0 ||| qw: Version: 0.3-a-160-g6735b56
     0 | D:1      | 0 ||| qw: Game counter: 4460
     0 | D:1      | 0 ||| qw: Melee chars always use a shield: true
     0 | D:1      | 0 ||| qw: God list: Okawaru
     0 | D:1      | 0 ||| qw: Allow faded altars: false
     0 | D:1      | 0 ||| qw: Do Orc after clearing Dungeon:15 true
     0 | D:1      | 0 ||| qw: Do second Lair branch before Depths: true
     0 | D:1      | 0 ||| qw: Lair rune preference: random
     0 | D:1      | 0 ||| qw: Goals: Normal
     0 | D:1      | 0 ||| PLANNING D:1-11
    67 | D:1      | Reached skill level 3 in Dodging
    88 | D:1      | Found a faded altar of an unknown god.
   144 | D:1      | Reached XP level 2. HP: 14/14 MP: 3/3
   641 | D:1      | HP: 3/14 [kobold/+0 dagger (3)]
   710 | D:1      | 710 ||| READING 3 scrolls labelled GUKOAH DEUFEPT.
   710 | D:1      | 710 ||| IDENTIFYING glowing green potion
   711 | D:1      | 711 ||| READING 2 scrolls of identify.
   711 | D:1      | 711 ||| IDENTIFYING 2 blue potions
   712 | D:1      | 712 ||| READING scroll of identify.
   712 | D:1      | 712 ||| IDENTIFYING scroll labelled OTSETI TOYZA
   713 | D:1      | 713 ||| DROPPING scroll of butterflies.
   714 | D:1      | 714 ||| DROPPING potion of ambrosia.
   818 | D:2      | Found Sinuar's General Store.
  1002 | D:2      | Reached XP level 3. HP: 15/18 MP: 4/4
  1374 | D:2      | 1374 ||| READING 4 scrolls of identify.
  1374 | D:2      | 1374 ||| IDENTIFYING 3 scrolls labelled LODITSATEO
  1375 | D:2      | 1375 ||| DROPPING 3 scrolls of amnesia.
  1597 | D:3      | Found a basalt altar of Yredelemnul.
  1597 | D:3      | Noticed a weeping skull
  1608 | D:3      | Killed a weeping skull
  1609 | D:3      | Reached skill level 5 in Ranged Weapons
  1609 | D:3      | Reached XP level 4. HP: 22/22 MP: 5/5
  1636 | D:3      | 1636 ||| FLEEEEING.
  1638 | D:3      | 1638 ||| FLEEEEING.
  1639 | D:3      | 1639 ||| FLEEEEING.
  1697 | D:3      | Found Tyimisas's Book Emporium.
  1697 | D:3      | Noticed a walking earthen tome
  1699 | D:3      | Noticed a walking divine tome
  1928 | D:3      | Reached XP level 5. HP: 16/25 MP: 6/6
  1983 | D:3      | Found an opulent altar of Gozag.
  2056 | D:3      | 2056 ||| DROPPING scarf of invisibility.
  2057 | D:3      | 2057 ||| UPGRADING to ring of protection from cold.
  2058 | D:3      | 2058 ||| READING 4 scrolls of identify.
  2058 | D:3      | 2058 ||| IDENTIFYING metallic coppery potion
  2059 | D:3      | 2059 ||| READING 3 scrolls of identify.
  2059 | D:3      | 2059 ||| IDENTIFYING scroll labelled RIGGUOST GEPLI
  2060 | D:3      | 2060 ||| READING 2 scrolls of identify.
  2060 | D:3      | 2060 ||| IDENTIFYING 2 scrolls labelled EZUIS ISTO
  2061 | D:3      | 2061 ||| DROPPING scroll of immolation.
  2062 | D:3      | 2062 ||| DROPPING 2 scrolls of vulnerability.
  2161 | D:4      | 2161 ||| FLEEEEING.
  2162 | D:4      | 2162 ||| FLEEEEING.
  2163 | D:4      | 2163 ||| FLEEEEING.
  2164 | D:4      | 2164 ||| FLEEEEING.
  2165 | D:4      | 2165 ||| FLEEEEING.
  2166 | D:4      | 2166 ||| FLEEEEING.
  2167 | D:4      | 2167 ||| FLEEEEING.
  2168 | D:4      | 2168 ||| FLEEEEING.
  2169 | D:4      | 2169 ||| FLEEEEING.
  2170 | D:4      | 2170 ||| FLEEEEING.
  2171 | D:4      | 2171 ||| FLEEEEING.
  2172 | D:4      | 2172 ||| FLEEEEING.
  2173 | D:4      | 2173 ||| FLEEEEING.
  2184 | D:4      | HP: 3/26 [gnoll/+0 flail (9)]
  2185 | D:4      | 2185 ||| READING 4 scrolls of teleportation.
  2189 | D:4      | 2189 ||| READING 3 scrolls of teleportation.
  2264 | D:4      | Reached skill level 6 in Ranged Weapons
  2300 | D:4      | Noticed a phantom
  2301 | D:4      | 2301 ||| ZAPPING wand of paralysis (7) at 7,3 (phantom;
                  | floor).
  2302 | D:4      | 2302 ||| ZAPPING wand of paralysis (6) at 6,3 (phantom;
                  | floor).
  2303 | D:4      | 2303 ||| ZAPPING wand of paralysis (5) at 5,2 (phantom;
                  | floor).
  2304 | D:4      | 2304 ||| ZAPPING wand of paralysis (4) at 4,1 (phantom;
                  | floor).
  2305 | D:4      | 2305 ||| ZAPPING wand of paralysis (3) at 3,0 (phantom;
                  | floor).
  2306 | D:4      | 2306 ||| ZAPPING wand of paralysis (2) at 2,0 (phantom;
                  | floor).
  2307 | D:4      | 2307 ||| ZAPPING wand of paralysis (1) at 1,0 (phantom;
                  | floor).
  2317 | D:4      | Killed a phantom
  2318 | D:4      | Reached XP level 6. HP: 30/30 MP: 7/7
  2342 | D:4      | Reached skill level 6 in Dodging
  2701 | D:4      | Reached skill level 7 in Ranged Weapons
  2818 | D:4      | Reached XP level 7. HP: 33/35 MP: 8/8
  3168 | D:4      | 3168 ||| READING 2 scrolls of identify.
  3168 | D:4      | 3168 ||| IDENTIFYING bubbling black potion
  3169 | D:4      | 3169 ||| READING scroll of identify.
  3169 | D:4      | 3169 ||| IDENTIFYING brown potion
  3170 | D:4      | 3170 ||| READING scroll labelled QEHIOMNAPED.
  3171 | D:4      | 3171 ||| DROPPING potion of attraction.
  3225 | D:5      | Entered Level 5 of the Dungeon
  3653 | D:5      | Found a shimmering blue altar of Sif Muna.
  3662 | D:5      | Found a broken altar of Ashenzari.
  3680 | D:5      | Found a staircase to the Ecumenical Temple.
  3681 | D:5      | 3681 ||| PLANNING TEMPLE
  3681 | D:5      | 3681 ||| READING scroll labelled USASO XEOQUE.
  3745 | D:5      | 3745 ||| READING scroll labelled EBBORACITE.
  3746 | D:5      | 3746 ||| READING scroll labelled IPA XAUTEIM.
  3746 | D:5      | Identified a scroll of acquirement
  3746 | D:5      | 3746 ||| ACQUIRING 963 gold pieces
  3746 | D:5      | Acquired 963 gold pieces
  3754 | Temple   | Entered the Ecumenical Temple
  3755 | Temple   | 3755 ||| PLANNING OKAWARU WORSHIP
  3791 | Temple   | Became a worshipper of Warmaster Okawaru
  3792 | Temple   | 3792 ||| PLANNING D:1-11
  3929 | D:5      | Reached skill level 8 in Ranged Weapons
  3993 | D:5      | HP: 7/35 [poisoned by a water moccasin]
  3994 | D:5      | 3994 ||| READING 2 scrolls of teleportation.
  3995 | D:5      | Slain by a water moccasin

Levels and vault maps discovered:
D:1:      psy_arrival_fountain, layout_loops_ring,
          shapermc_ecumenical_altar_totnotflames
D:2:      layout_rooms, serial_co_window_serial, co_window_paths_a,
          co_window_paths_b, co_window_paths_b, co_window_corner_a,
          co_window_paths_a, co_window_2corner, co_window_2corner,
          co_window_paths_c, co_window_corner_b, co_window_4corner_b,
          glass_columns_a, glass_columns_c, glass_columns_c, glass_columns_a,
          serial_shops, nicolae_shop_tiny_statue_garden
D:3:      layout_rooms, nicolae_gozag_cash_rules_everything_around_me,
          yredelemnul_forgotten_temple_becter, serial_shops,
          nicolae_shop_mannequins
D:4:      layout_gridville, abandoned_shop, kennysheep_potato
D:5:      layout_basic, mainiacjoe_overflow_big_doors,
          minmay_temple_entry_gardened_gates
Temple:   bh_familiar_temple

Skill      XL: |  1  2  3  4  5  6  7 |
---------------+----------------------+-----
Dodging        | 3 4 5 6 7 |  7.4
Ranged Weapons | 5 6 7 8 |  8.1
Fighting       | 2 |  2.0
Stealth        | |  1.5

Action                     |  1- 3 |  4- 6 |  7- 9 || total
---------------------------+-------+-------+-------++-------
   Fire: Shortbow          |   122 |   165 |    94 ||   381
  Evoke: Wand              |       |     7 |       ||     7
    Use: Scroll            |     4 |     5 |     7 ||    16
 Armour: Robe              |    12 |    32 |    11 ||    55
  Dodge: Dodged            |    32 |    87 |    66 ||   185

Table legend:
 A = Non-vault XP
 B = Vault XP
 C = Vault XP percentage of total XP
 D = Non-vault monster count
 E = Vault monster count
 F = Vault count percentage of total count
                 A         B        C        D         E       F
            +---------+---------+-------+---------+---------+-------
      Total |    1172 |     103 |   8.1 |      87 |       4 |   4.4
            +---------+---------+-------+---------+---------+-------
        D:1 |      25 |       0 |   0.0 |      14 |       0 |   0.0
        D:2 |      29 |       0 |   0.0 |      18 |       0 |   0.0
        D:3 |      47 |      97 |  67.4 |      13 |       2 |  13.3
        D:4 |     564 |       6 |   1.1 |      33 |       2 |   5.7
        D:5 |     507 |       0 |   0.0 |       9 |       0 |   0.0
            +---------+---------+-------+---------+---------+-------
